 Dungeon Crawl Stone Soup version 0.23.2 (webtiles) character file.

Game seed: 11937147470324161070

4653 PentaManta the Quickloader (level 10, -19/65 HPs)
             Began as a Kobold Hunter on Apr 2, 2019.
             Was a Priest of Okawaru.
             Demolished by a shadow (26 damage)
             ... on level 9 of the Dungeon on Apr 3, 2019.
             The game lasted 00:39:09 (12716 turns).

PentaManta the Quickloader (Kobold Hunter)         Turns: 12716, Time: 00:39:10

Health: -19/65     AC:  9    Str: 19 (20) XL:     10   Next: 71%
Magic:  0/10       EV: 22    Int: 12      God:    Okawaru [***...]
Gold:   492        SH:  0    Dex: 18      Spells: 9/9 levels left

rFire    + . .     SeeInvis .   p - +1 dagger (speed)
rCold    + . .     Gourm    .   (shield restricted)
rNeg     . . .     Faith    .   c - +0 leather armour
rPois    .         Spirit   +   (no helmet)
rElec    .         Reflect  .   s - scarf {rC+ rF+}
rCorr    .         Harm     .   g - +0 pair of gloves
MR       .....                  k - +0 pair of boots
Stlth    ++++......             j - amulet of guardian spirit
HPRegen  0.60/turn              m - +4 ring of protection
MPRegen  0.12/turn              (no ring)

@: mighty
A: small, agile 1, carnivore, deterioration 1, regeneration 1, strong 1
a: Heroism, Renounce Religion


You were on level 9 of the Dungeon.
You worshipped Okawaru.
Okawaru was most pleased with you.
You were very hungry.

You visited 2 branches of the dungeon, and saw 10 of its levels.

You collected 492 gold pieces.

Inventory:

Hand Weapons
 a - a +1 hand crossbow
 b - a +0 short sword
 p - a +1 dagger of speed (weapon)
 D - a +2 rapier of venom
Missiles
 C - 137 stones (quivered)
Armour
 c - a +0 leather armour (worn)
 g - a +0 pair of gloves (worn)
 k - a +0 pair of boots (worn)
 s - a scarf of resistance (worn)
 v - a scarf of repulsion
Jewellery
 j - an amulet of guardian spirit (around neck)
 m - a +4 ring of protection (left hand)
 q - an uncursed ring of fire
 E - a cursed amulet of inaccuracy {unknown}
Wands
 A - a wand of acid (6)
Scrolls
 d - 2 scrolls of identify
 e - 4 scrolls of teleportation
 h - a scroll of enchant armour {unknown}
 o - a scroll of noise {unknown}
 t - 2 scrolls of amnesia
 w - 2 scrolls of magic mapping
 y - a scroll of blinking
 B - 2 scrolls of remove curse
Potions
 i - a potion of lignification
 l - a potion of agility
 n - a potion of resistance
 r - 3 potions of cancellation
 u - a potion of haste
 x - 2 potions of brilliance
Comestibles
 f - 17 rations


   Skills:
 + Level 8.8 Fighting
 * Level 1.3 Short Blades
 - Level 10.0 Crossbows
 + Level 9.6 Dodging
 - Level 10.0 Stealth


You had 9 spell levels left.
You didn't know any spells.
Your spell library contained the following spells:

 Spells                   Type           Power        Failure   Level  Hunger
 Flame Tongue             Conj/Fire      #....        36%         1    ##.....
 Shock                    Conj/Air       #...         36%         1    ##.....
 Swiftness                Chrm/Air       #.......     52%         2    ###....
 Throw Flame              Conj/Fire      #.....       52%         2    ###....
 Conjure Flame            Conj/Fire      #.......     75%         3    ####...
 Inner Flame              Hex/Fire       #.......     75%         3    ####...
 Static Discharge         Conj/Air       #.......     75%         3    ####...
 Airstrike                Air            #.........   98%         4    #####..
 Sticky Flame             Conj/Fire      #.......     98%         4    #####..
 Fireball                 Conj/Fire      #.........   100%        5    ######.
 Lightning Bolt           Conj/Air       #.........   100%        5    ######.


Dungeon Overview and Level Annotations

Branches:
Dungeon (9/15)             Temple (1/1) D:7
   Lair: D:8-11         Orc: D:9-12

Altars:
Ashenzari
Cheibriados
Dithmenos
Elyvilon
Fedhas
Gozag
Hepliaklqana
Kikubaaqudgha
Makhleb
Nemelex Xobeh
Okawaru
Qazlal
Ru
Sif Muna
Trog
Uskayaw
Vehumet
Wu Jian
Xom
Yredelemnul
Zin
The Shining One

Shops:
D:4 [   D:6 [(

Annotations:
D:3 3 runed translucent doors, lenfi's ghost, weakling OpVM
D:8 exclusions: door and 2 killer bees, Gastronok
D:9 exclusion: acid dragon


Innate Abilities, Weirdness & Mutations

You are small and have problems with some larger weapons.
You are carnivorous and can eat meat at any time.
You are agile. (Dex +2)
Your body sometimes deteriorates upon taking damage.
Your natural rate of healing is unusually fast.
Your muscles are strong. (Str +2)


Message History

You hit the shadow but do no damage.
The shadow is severely damaged.
The shadow slips into darkness.
The shadow flickers and vanishes!
Deactivating autopickup; reactivate with Ctrl-A.
You miss something. You closely miss something.
The shadow strikes at you from the darkness!
* * * LOW HITPOINT WARNING * * *
Reactivating autopickup.
You hit the shadow but do no damage.
The shadow is severely damaged.
The shadow slips into darkness.
The shadow flickers and vanishes!
Deactivating autopickup; reactivate with Ctrl-A.
You hit something.
It was a potion of might.
You feel very mighty all of a sudden.
The shadow strikes at you from the darkness!
You die...

#..# #..# #...# #. #..# #..#
#...# #. #..# #.}# #...# #. #..#
#..# #...# #. #..# #..# #...# #.
#..########## #..# #..[####.
##...........# ########........
.............####..##............
############.⌠.⌠@..8#######..####
#.....{}.# #..# #.⌠.⌠...8# #..#
######..## #..# ### #..# #..####
#...... #...... #......


There were no monsters in sight!

Vanquished Creatures
  Pikel (D:8)
  2 hippogriffs
  Sigmund (D:5)
  A vampire (D:8)
  Eustachio (D:6)
  2 hungry ghosts
  Edmund (D:6)
  4 slaves
  A sky beast (D:6)
  4 ice beasts
  3 orc warriors
  A necrophage (D:8)
  3 ogres
  A phantom (D:8)
  A centaur (D:6)
  A big kobold (D:8)
  3 bullfrogs
  4 scorpions
  A howler monkey (D:5)
  4 wights
  A centaur zombie (D:5)
  3 crimson imps
  A quasit (D:6)
  5 orc priests
  2 hounds
  2 jellies
  3 orc wizards
  Terence (D:2)
  3 iguanas
  8 worker ants
  A hound zombie (D:6)
  4 adders
  11 river rats (D:5)
  2 shadow imps
  6 oozes
  2 adder skeletons
  An adder zombie (D:6)
  2 worms
  5 dart slugs
  A leopard gecko (D:1)
  17 orcs
  9 giant cockroaches
  11 goblins
  3 hobgoblins (D:1)
  18 jackals
  8 kobolds
  9 quokkas
  A ball python (D:5)
  7 bats
  8 frilled lizards
  21 rats
216 creatures vanquished.

Notes
Turn   | Place    | Note
-------+----------+-------------------------------------------
     0 | D:1      | PentaManta the Kobold Hunter began the quest for the Orb.
     0 | D:1      | Reached XP level 1. HP: 12/12 MP: 1/1
     1 | D:1      | Found a runed translucent door.
    58 | D:1      | Reached skill level 5 in Crossbows
   357 | D:1      | Reached XP level 2. HP: 16/18 MP: 2/2
   579 | D:1      | Reached XP level 3. HP: 19/22 MP: 3/3
  1223 | D:2      | Reached XP level 4. HP: 27/27 MP: 4/4
  1434 | D:2      | Found a sacrificial altar of Ru.
  1529 | D:2      | Noticed Terence
  1540 | D:2      | Killed Terence
  1540 | D:2      | Reached XP level 5. HP: 31/32 MP: 5/5
  2527 | D:3      | Reached XP level 6. HP: 17/37 MP: 6/6
  2677 | D:3      | Found a faded altar of an unknown god.
  2784 | D:3      | Found a runed translucent gate.
  2784 | D:3      | Identified the +4 dagger "Gaum" {pain, -Tele rPois Int-5
                  | Dex+5}
  2879 | D:3      | Found a runed translucent gate.
  2879 | D:3      | Found a runed translucent gate.
  2879 | D:3      | Noticed lenfi's ghost (weakling OpVM)
  3240 | D:3      | Found a blossoming altar of Fedhas.
  3394 | D:4      | Found Ityott's Armour Emporium.
  3492 | D:4      | Found a radiant altar of Vehumet.
  3503 | D:4      | Found a shattered altar of Ashenzari.
  4387 | D:5      | Entered Level 5 of the Dungeon
  4463 | D:5      | Noticed Sigmund
  4644 | D:5      | Killed Sigmund
  4644 | D:5      | Reached skill level 5 in Dodging
  4644 | D:5      | Reached XP level 7. HP: 16/44 MP: 2/7
  5303 | D:5      | Reached XP level 8. HP: 5/48 MP: 2/8
  5705 | D:5      | Reached skill level 5 in Fighting
  6423 | D:6      | Found an iron altar of Okawaru.
  6431 | D:6      | Became a worshipper of Warmaster Okawaru
  6692 | D:6      | Found a basalt altar of Yredelemnul.
  6697 | D:6      | Noticed Edmund
  6711 | D:6      | Gained mutation: You are agile. (Dex +2) [potion of
                  | mutation]
  6711 | D:6      | Gained mutation: Your body sometimes deteriorates upon
                  | taking damage. [potion of mutation]
  6711 | D:6      | Gained mutation: Your natural rate of healing is unusually
                  | fast. [potion of mutation]
  6711 | D:6      | Gained mutation: Your muscles are strong. (Str +2) [potion
                  | of mutation]
  6719 | D:6      | Killed Edmund
  6833 | D:6      | Noticed Eustachio
  6896 | D:6      | Found Geseriur's Armour Emporium.
  7195 | D:6      | Reached * piety under Okawaru
  7195 | D:6      | Reached skill level 10 in Crossbows
  7290 | D:6      | Reached XP level 9. HP: 54/55 MP: 9/9
  7490 | D:6      | Found Sedidet's Weapon Shoppe.
  7873 | D:7      | Noticed a hippogriff
  8216 | D:7      | Found a staircase to the Ecumenical Temple.
  8225 | Temple   | Entered the Ecumenical Temple
  8558 | D:7      | Found a stormy altar of Qazlal.
  8580 | D:7      | Reached skill level 5 in Stealth
  8860 | D:8      | Noticed Pikel
  9381 | D:8      | Reached ** piety under Okawaru
  9413 | D:8      | Found an opulent altar of Gozag.
  9762 | D:8      | Noticed a hippogriff
 10411 | D:7      | Reached XP level 10. HP: 61/63 MP: 10/10
 10484 | D:8      | Noticed Gastronok
 10602 | D:8      | Killed Pikel
 11106 | D:8      | Reached *** piety under Okawaru
 11175 | D:8      | Reached skill level 10 in Stealth
 12250 | D:6      | Killed Eustachio
 12574 | D:9      | Reached skill level 1 in Short Blades
 12716 | D:9      | Demolished by a shadow

Skill      XL: |  1  2  3  4  5  6  7  8  9 10 |
---------------+-------------------------------+-----
Crossbows      | 5 6 8 10 | 10.0
Dodging        | 3 4 5 6 8 9 |  9.6
Fighting       | 3 4 6 7 8 |  8.8
Stealth        | 8 10 | 10.0
Short Blades   | 1 |  1.3

Action                   |  1- 3 |  4- 6 |  7- 9 | 10-12 || total
-------------------------+-------+-------+-------+-------++-------
Melee: Short sword       |    88 |   160 |   979 |   108 ||  1335
       Dagger            |       |       |       |   352 ||   352
       Punch             |       |       |       |     8 ||     8
 Fire: Hand crossbow     |     6 |    67 |   140 |       ||   213
Throw: Stone             |       |       |     4 |       ||     4
Invok: Heroism           |       |       |       |     5 ||     5
Evoke: Wand              |       |       |       |    46 ||    46
  Use: Scroll            |       |     5 |    10 |     1 ||    16
       Potion            |       |       |     4 |     3 ||     7
 Stab: Sleeping          |     8 |     7 |     4 |       ||    19
       Paralysed         |       |       |       |     1 ||     1
  Eat: Chunk             |     1 |     9 |    19 |     2 ||    31
       Ration            |       |     1 |     6 |     3 ||    10
Armor: Leather armour    |    18 |    44 |   216 |    76 ||   354
Dodge: Dodged            |    65 |   185 |   954 |   394 ||  1598
